 Dungeon Crawl Stone Soup version 0.21.1-1-g345015f (webtiles) character file.

18 Goblin1989 the Cutter (level 2, 0/28 HPs)
             Began as a Kobold Berserker on Feb 22, 2018.
             Was a Follower of Trog.
             Slain by a kobold
             ... wielding a +0 dagger
              (3 damage)
             ... on level 1 of the Dungeon.
             The game lasted 00:01:55 (857 turns).

Goblin1989 the Cutter (Kobold Berserker)             Turns: 857, Time: 00:01:56

Health: 0/28       AC:  2    Str: 19    XL:     2   Next: 85%
Magic:  2/2        EV: 15    Int:  8    God:    Trog [*.....]
Gold:   10         SH:  0    Dex: 14    Spells: 1/1 levels left

rFire    . . .     SeeInvis .   a - +0 short sword
rCold    . . .     Gourm    .   (shield restricted)
rNeg     . . .     Faith    .   b - +0 animal skin
rPois    .         Spirit   .   (no helmet)
rElec    .         Reflect  .   h - -1 cloak (curse)
rCorr    .         Harm     .   (no gloves)
MR       .....                  (no boots)
Stlth    ..........             (no amulet)
HPRegen  0.09/turn              (no ring)
MPRegen  0.08/turn              (no ring)

@: berserking, very quick
A: small, carnivore
a: Berserk, Burn Spellbooks, Renounce Religion


You were on level 1 of the Dungeon.
You worshipped Trog.
Trog was aware of your devotion.
You were very full.

You visited 1 branch of the dungeon, and saw 1 of its levels.

You collected 10 gold pieces.

Inventory:

Hand Weapons
 a - a +0 short sword (weapon)
Armour
 b - a +0 animal skin (worn)
 h - a cursed -1 cloak (worn)
Scrolls
 j - a scroll of amnesia {unknown}
 k - a scroll of immolation {unknown}
Potions
 f - 2 potions of curing {unknown}
 g - a potion of ambrosia {unknown}
Comestibles
 e - a ration
 l - 2 chunks of flesh


   Skills:
 - Level 3.2 Fighting
 * Level 5.1 Short Blades
 - Level 1.5 Armour
 - Level 2.4 Dodging
 + Level 0.3 Stealth


You had one spell level left.
You didn't know any spells.

Dungeon Overview and Level Annotations

Branches:
Dungeon (1/15)

Altars:


Innate Abilities, Weirdness & Mutations

You are small and have problems with some larger weapons.
You are carnivorous and can eat meat at any time.


Message History

l - 2 chunks of flesh You now have 10 gold pieces (gained 9).
A kobold comes into view. It is wielding a short sword.
A kobold is nearby!
A kobold is nearby!
The kobold throws a stone.
The stone barely misses you. The kobold hits you with a short sword.
You puncture the kobold!
You kill the kobold!
Trog accepts your kill.
You take 6 damage, and have 13/19 hp.
MASSIVE DAMAGE!!
No target in view!
No target in view!
No target in view!
No target in view!
No target in view!
No target in view!
No target in view!
No target in view!
No target in view!
No target in view!
No target in view!
No target in view!
No target in view!
No target in view!
No target in view!
No target in view!
Key pressed, stopping explore.
Things that are here:
a short sword; 3 stones; a kobold corpse A goblin comes into view.
It is wielding a dagger.
The goblin shouts!
You hear an angry hiss.
The goblin moves out of view.
A ball python comes into view.
Health restored: 19 A ball python is nearby!
A kobold comes into view. It is wielding a dagger.
A hobgoblin comes into view. It is wielding a club.
The ball python bites you but does no damage.
The ball python misses you. The goblin hits you with a dagger.
You take 1 damage, and have 18/19 hp.
You hit the goblin.
The goblin is heavily wounded.
The ball python bites you. The ball python completely misses you.
You take 1 damage, and have 17/19 hp.
You barely miss the goblin.
The goblin is heavily wounded.
The ball python closely misses you. x2; The goblin barely misses you.
You barely miss the goblin.
The goblin is heavily wounded.
The ball python bites you. The ball python barely misses you.
The kobold hits you with a dagger. The goblin closely misses you.
You take 3 damage, and have 14/19 hp.
You barely miss the goblin.
The goblin is heavily wounded.
The ball python misses you. x2; The kobold hits you with a dagger.
The goblin misses you. The hobgoblin misses you.
You take 4 damage, and have 10/19 hp.
MASSIVE DAMAGE!!
You are too injured to fight recklessly!
You are too injured to fight recklessly!
You are too injured to fight recklessly!
You are too injured to fight recklessly!
You are too injured to fight recklessly!
Unknown command.
The ball python misses you. The ball python grabs you.
The ball python constricts you.
You take 1 damage, and have 9/19 hp.
You escape the ball python's grasp.
The kobold throws a stone.
The stone closely misses you. The goblin hits you with a dagger.
* * * LOW HITPOINT WARNING * * *
You take 2 damage, and have 7/19 hp.
You see here a stone.
A red film seems to cover your vision as you go berserk!
You feel yourself moving faster!
You feel mighty! The goblin misses you.
You now have 12/28 hp.
Unknown command.
You hit the goblin.
You kill the goblin!
Trog accepts your kill.
You hit the ball python.
You kill the ball python!
Trog accepts your kill. The hobgoblin hits you with a club.
* * * LOW HITPOINT WARNING * * *
You see here a dagger.
You take 4 damage, and have 8/28 hp.
You hit the hobgoblin.
The hobgoblin is almost dead.
You hit the hobgoblin.
You kill the hobgoblin!
Trog accepts your kill. The kobold hits you with a dagger.
* * * LOW HITPOINT WARNING * * *
Things that are here:
a club; a hobgoblin corpse You take 5 damage, and have 3/28 hp.
You closely miss the kobold. The kobold hits you with a dagger.
You die... █....█ █.██.█ █.██.█ .█ █.██.█ █.█ █████

█.██.█ █.██████████ ....█ █.██.█
██∆█.!....... ....█ █.██.█
█..........█
....████.██.█████████..........█
.......█.█.....)@K.█...........██
...███.█.█████████.█(............
...█ █.█.█ █..(............
...███.█.█ ████............
....██.█.█ █..........?.
....██.█.█ █.).........!
█∆█.██.█.█ ██████████.....
█.█.██.█.███████ █....█ .....
█.█....█...█...█ █....█ .....


You could see a kobold.

Vanquished Creatures
  A dart slug (D:1)
  A leopard gecko (D:1)
  A ball python (D:1)
  A giant cockroach (D:1)
  2 hobgoblins (D:1)
  2 bats (D:1)
  A frilled lizard (D:1)
  4 goblins (D:1)
  2 kobolds (D:1)
15 creatures vanquished.

Notes
Turn   | Place    | Note
-------+----------+-------------------------------------------
     0 | D:1      | Goblin1989 the Kobold Berserker began the quest for the Orb.
     0 | D:1      | Reached XP level 1. HP: 14/14 MP: 1/1
   172 | D:1      | Reached XP level 2. HP: 13/19 MP: 2/2
   707 | D:1      | Reached skill level 5 in Short Blades
   857 | D:1      | Slain by a kobold

Skill      XL: |  1  2 |
---------------+-------+-----
Short Blades   | 5 |  5.1
Fighting       | |  3.2
Armour         | |  1.5
Dodging        | |  2.4
Stealth        | |  0.3

Action                   || total
-------------------------++-------
Melee: Short sword       ||    86
Invok: Berserk           ||     1
  Eat: Chunk             ||     8
Armor: Animal skin       ||    15
Dodge: Dodged            ||    98

Vault maps used:
D:1:      co_arrival_random_square_maze
